 Dungeon Sprint DCSS version 0.19.4-10-g532645f (webtiles) character file.

833 equalderp2856 the Gouger (level 7, -6/36 HPs)
             Began as a Felid Fighter on Feb 24, 2017.
             Was an Initiate of Gozag.
             Mangled by a ghost moth (18 damage)
             ... in the Dungeon (Sprint VII: "The Pits").
             The game lasted 00:05:37 (1315 turns).

equalderp2856 the Gouger (Felid Fighter)            Turns: 1315, Time: 00:05:39

Health: -6/36      AC:  2    Str: 13    XL:     7   Next: 65%
Magic:  0/8        EV: 28    Int:  9    God:    Gozag
Gold:   1800       SH:  0    Dex: 17    Spells: 0 memorised, 6 levels left
                                        Lives:  0   Deaths: 2

rFire  . . .     SeeInvis +       - Unarmed
rCold  . . .     Gourm    .     (armour unavailable)
rNeg   . . .     Faith    .     (shield unavailable)
rPois  .         Spirit   .     (helmet unavailable)
rElec  .         Reflect  .     (cloak unavailable)
rCorr  .         Harm     .     (gloves unavailable)
MR     +....     NoTele   +     (boots unavailable)
Stlth  ++++......               (no amulet)
                                (no ring)
                                (no ring)

@: quick
A: no armour, no weapons or thrown items, stealth, claws 1, fangs 3, see
invisible, carnivore 3, speed 1, shaggy fur 2, slow metabolism 1, sharp paws
a: Potion Petition, Call Merchant, Bribe Branch, Renounce Religion


You were in the Dungeon.
You worshipped Gozag.
Gozag was most pleased with you.
You were not hungry.

You visited 1 branch You collected 1800 gold pieces.

Inventory:

Jewellery
 m - a +3 ring of intelligence
 n - a +3 ring of strength
Scrolls
 h - a scroll of blinking
 j - 3 scrolls of remove curse
 k - 5 scrolls of amnesia
 l - a scroll of summoning
Potions
 a - 3 potions of might
 c - 2 potions of curing
 d - 5 potions of heal wounds
 e - a potion of haste
 f - 4 potions of magic
 g - 4 potions of berserk rage
 i - 2 potions of invisibility
 o - 2 potions of resistance
 p - a potion of agility
Comestibles
 b - 8 meat rations


   Skills:
 + Level 7.1 Fighting
 + Level 12.4 Dodging
 + Level 8.1 Stealth
 + Level 14.8 Unarmed Combat


You had 6 spell levels left.
You didn't know any spells.

Dungeon Overview and Level Annotations

Branches:
Dungeon (1/1)

Altars:
Ashenzari
Cheibriados
Dithmenos
Elyvilon
Fedhas
Gozag
Hepliaklqana
Kikubaaqudgha
Makhleb
Nemelex Xobeh
Okawaru
Qazlal
Ru
Sif Muna
Trog
Uskayaw
Vehumet
Xom
Yredelemnul
Zin
The Shining One
Beogh
Jiyva
Lugonu


Innate Abilities, Weirdness & Mutations

You cannot wear armour.
You are incapable of wielding weapons or throwing items.
Your paws allow you to move quietly. (Stealth)
You have sharp claws.
You have razor-sharp teeth.
You have supernaturally acute eyesight. (SInv)
You are carnivorous and can eat meat at any time.
You cover ground quickly.
You are covered in thick fur. (AC +2)
You have a slow metabolism.
Your sharp claws are effective at attacking unaware monsters.


Message History

The ghost moth is lightly wounded.
You claw the ghost moth!
The ghost moth is moderately wounded.
The ghost moth closely misses you. The ghost moth misses you.
The ghost moth completely misses you.
You claw the ghost moth! You bite the ghost moth.
The ghost moth is heavily wounded.
The ghost moth completely misses you. x2; The ghost moth closely misses you.
You scratch the ghost moth.
The ghost moth is heavily wounded.
The ghost moth stares at you. The ghost moth closely misses you.
The ghost moth barely misses you. The ghost moth completely misses you.
You claw the ghost moth!
You claw the ghost moth, but do no damage.
The ghost moth is heavily wounded.
The ghost moth hits you! The ghost moth hits you!!
Ouch! That really hurt!
You die...
Your body crumbles into a pile of gold.

#####......#.(#......#
#..##........(.......#
#))#####'#####('######
#))##.......##)(### ###
#))##.......##..).##..+
#[[##.......##...##...#
#'###...<...##..##...#
...##.......##.$#...#
...##.......##..@$.#
#####.......##.##y.#
#..############# ..+
#)########### ..#
#)#....#..[[# ..#
#'#....#..[[# #..
#.'....'..))# #..
#'#....#..))# ..
')#....#..))#


You could see a ghost moth (invisible).

Vanquished Creatures
  An orc sorcerer (D)
  A redback (D)
  A ynoxinul (D)
  A soldier ant (D)
  A water moccasin (D)
  A porcupine (D)
  A floating eye (D)
  An orc warrior (D)
  A necrophage (D)
  6 killer bees (D)
  An orc wizard (D)
  Crazy Yiuf (D)
  A gnoll shaman (D)
  An iguana (D)
  3 gnolls (D)
  An adder (D)
  An ooze (D)
  An ufetubus (D)
  6 orcs (D)
  A ball python (D)
  A bat (D)
  A giant cockroach (D)
  2 hobgoblins (D)
  3 quokkas (D)
39 creatures vanquished.

Notes
Turn   | Place    | Note
-------+----------+-------------------------------------------
     0 | D        | equalderp2856 the Felid Fighter began the quest for the Orb.
     0 | D        | Reached XP level 1. HP: 10/10 MP: 2/2
    39 | D        | Found a radiant altar of Vehumet.
    39 | D        | Found a hide-covered altar of Uskayaw.
    39 | D        | Found an ancient bone altar of Kikubaaqudgha.
    39 | D        | Found a viscous altar of Jiyva.
    39 | D        | Found a hazy altar of Hepliaklqana.
    40 | D        | Found a bloodstained altar of Trog.
    40 | D        | Found a deep blue altar of Sif Muna.
    40 | D        | Found a sacrificial altar of Ru.
    40 | D        | Found a stormy altar of Qazlal.
    40 | D        | Found an iron altar of Okawaru.
    40 | D        | Found a sparkling altar of Nemelex Xobeh.
    40 | D        | Found an opulent altar of Gozag.
    40 | D        | Found a blossoming altar of Fedhas.
    40 | D        | Found a white marble altar of Elyvilon.
    40 | D        | Found a shadowy altar of Dithmenos.
    40 | D        | Found a snail-covered altar of Cheibriados.
    41 | D        | Found a glowing golden altar of the Shining One.
    41 | D        | Found a glowing silver altar of Zin.
    43 | D        | Found a roughly hewn altar of Beogh.
    43 | D        | Found a burning altar of Makhleb.
    43 | D        | Found a basalt altar of Yredelemnul.
    44 | D        | Found a shattered altar of Ashenzari.
    44 | D        | Found a corrupted altar of Lugonu.
    44 | D        | Found a shimmering altar of Xom.
    46 | D        | Became a worshipper of Gozag Ym Sagoz the Greedy
    99 | D        | Noticed a floating eye
   103 | D        | Killed a floating eye
   103 | D        | Reached skill level 1 in Stealth
   103 | D        | Reached skill level 8 in Unarmed Combat
   103 | D        | Reached XP level 2. HP: 15/15 MP: 3/3
   103 | D        | Reached XP level 3. HP: 19/19 MP: 4/4
   103 | D        | Reached XP level 4. HP: 22/22 MP: 5/5
   125 | D        | Reached skill level 5 in Fighting
   363 | D        | Noticed an orc warrior
   364 | D        | Noticed a water moccasin
   364 | D        | Noticed Crazy Yiuf
   386 | D        | Slain by an orc warrior
   387 | D        | Reached XP level 3. HP: -2/19 MP: 4/4
   396 | D        | Killed an orc warrior
   396 | D        | Reached skill level 9 in Unarmed Combat
   396 | D        | Reached XP level 4. HP: 24/24 MP: 5/5
   396 | D        | Reached XP level 5. HP: 27/27 MP: 6/6
   407 | D        | Reached skill level 10 in Unarmed Combat
   530 | D        | Noticed a necrophage
   533 | D        | Killed a necrophage
   533 | D        | Gained mutation: You are covered in thick fur. (AC +2) [Felid growth]
   533 | D        | Reached XP level 6. HP: 27/31 MP: 7/7
   544 | D        | Reached skill level 11 in Unarmed Combat
   587 | D        | Killed a water moccasin
   612 | D        | Killed Crazy Yiuf
   667 | D        | Noticed a soldier ant
   669 | D        | Killed a soldier ant
   669 | D        | Reached skill level 10 in Dodging
   669 | D        | Reached skill level 12 in Unarmed Combat
   669 | D        | Reached XP level 7. HP: 35/35 MP: 8/8
   760 | D        | Noticed a ynoxinul
   760 | D        | Noticed an orc sorcerer
   769 | D        | Noticed an orange demon
   772 | D        | Reached skill level 5 in Stealth
   798 | D        | Noticed an orange demon
   801 | D        | Killed a ynoxinul
   801 | D        | Reached skill level 13 in Unarmed Combat
   808 | D        | Killed an orc sorcerer
   808 | D        | Reached skill level 14 in Unarmed Combat
   808 | D        | Reached XP level 8. HP: 29/40 MP: 9/9
  1168 | D        | Noticed a cyclops
  1174 | D        | Hit by a large rock thrown by a cyclops
  1175 | D        | Reached XP level 7. HP: -17/36 MP: 8/8
  1302 | D        | Noticed a ghost moth
  1315 | D        | Mangled by a ghost moth

Skill      XL: |  1  2  3  4  5  6  7  8 |
---------------+-------------------------+-----
Fighting       | 4 5 6 7 |  7.1
Dodging        | 6 7 8 10 11 12 | 12.4
Stealth        | 1 2 3 7 8 |  8.1
Unarmed Combat | 8 9 10 12 14 | 14.8

Action                   |  1- 3 |  4- 6 |  7- 9 || total
-------------------------+-------+-------+-------++-------
Melee: Unarmed           |    14 |    54 |    73 ||   141
       Bite              |     2 |     4 |     5 ||    11
       Punch             |       |     2 |     6 ||     8
  Use: Potion            |       |     4 |     5 ||     9
 Stab: Sleeping          |     1 |     2 |     2 ||     5
Armor: Skin              |       |     3 |     3 ||     6
Dodge: Dodged            |     7 |    47 |   136 ||   190
